 Dungeon Crawl Stone Soup version 0.22-a0-240-g539252a (webtiles) character file.

56 tidbits the Insei (level 3, 4/28 HPs)
             Began as a Gnoll Transmuter on Feb 21, 2018.
             Quit the game on level 3 of the Dungeon.
             The game lasted 00:03:35 (349 turns).

tidbits the Insei (Gnoll Transmuter)                 Turns: 349, Time: 00:03:36

Health: 4/28       AC:  5    Str: 12    XL:     3   Next: 97%
Magic:  5/9        EV: 15    Int: 16    God:
Gold:   85         SH:  0    Dex: 15    Spells: 9/12 levels left

rFire    . . .     SeeInvis .     - Unarmed
rCold    . . .     Gourm    .   (no shield)
rNeg     . . .     Faith    .   b - +0 robe
rPois    .         Spirit   .   (no helmet)
rElec    .         Reflect  .   C - +2 cloak {+Inv}
rCorr    .         Harm     .   (no gloves)
MR       .....                  (no boots)
Stlth    +++.......             (no amulet)
HPRegen  0.09/turn              j - ring of stealth
MPRegen  0.11/turn              (no ring)

@: lethally poisoned (4 -> -2), very slightly contaminated, hasted, very quick
A: distributed training, fangs 1, strong nose
a: Evoke Invisibility


You were on level 3 of the Dungeon.
You were very full.

You visited 1 branch of the dungeon, and saw 3 of its levels.

You collected 85 gold pieces.

Inventory:

Hand Weapons
 h - a +0 dagger
Missiles
 a - 11 arrows
Armour
 b - a +0 robe (worn)
 k - a +0 ring mail
 C - a +2 cloak of invisibility (worn)
   (You found it on level 2 of the Dungeon)
Jewellery
 j - a ring of stealth (left hand)
   (You found it on level 1 of the Dungeon)
Scrolls
 e - 2 scrolls of teleportation
 g - a scroll of enchant armour
 n - a scroll of blinking {unknown}
Potions
 l - a potion of flight
Comestibles
 c - a ration


   Skills:
 + Level 2.6 Fighting
 + Level 1.0 Short Blades
 + Level 1.0 Long Blades
 + Level 1.0 Axes
 + Level 1.0 Maces & Flails
 + Level 1.0 Polearms
 + Level 1.0 Staves
 + Level 1.0 Slings
 + Level 1.0 Bows
 + Level 1.0 Crossbows
 + Level 1.0 Throwing
 + Level 1.0 Armour
 + Level 4.6 Dodging
 + Level 1.0 Stealth
 + Level 1.0 Shields
 + Level 6.5 Unarmed Combat
 + Level 5.0 Spellcasting
 + Level 0.7 Conjurations
 + Level 0.7 Hexes
 + Level 0.7 Charms
 + Level 0.7 Summonings
 + Level 0.7 Necromancy
 + Level 0.7 Translocations
 + Level 3.8 Transmutations
 + Level 0.7 Fire Magic
 + Level 0.7 Ice Magic
 + Level 0.7 Air Magic
 + Level 0.7 Earth Magic
 + Level 0.7 Poison Magic
 + Level 1.0 Invocations
 + Level 1.0 Evocations


You had 9 spell levels left.
You knew the following spells:

 Your Spells              Type           Power        Failure   Level  Hunger
e - Beastly Appendage     Tmut           ###...       3%          1    None
k - Sticks to Snakes      Tmut           ###.....     4%          2    #......


Dungeon Overview and Level Annotations

Branches:
Dungeon (3/15)

Altars:
Wu Jian


Innate Abilities, Weirdness & Mutations

Your experience applies equally to all skills.
You have very sharp teeth.
Your uncanny sense of smell can sniff out nearby items.


Message History

You are poisoned.
The adder poisons you!
You can't unwield your weapon to draw a new one!
Unknown command.
As you read the scroll of remove curse, it crumbles to dust.
You feel as if something is helping you.
You feel sick.
The giant cockroach bites you but does no damage.
The worker ant completely misses you.
The hobgoblin hits you but does no damage.
The adder barely misses you.
Wield which item (- for none, * to show all)? (? for menu, Esc to quit)
You are now empty-handed.
The giant cockroach bites you but does no damage.
You hit the adder.
The adder is moderately wounded.
The worker ant bites you but does no damage.
The adder bites you but does no damage.
The hobgoblin hits you but does no damage.
Your ball python bites the adder but does no damage.
Your ball python grabs the adder.
Your ball python constricts the adder.
The giant cockroach barely misses you.
The worker ant bites you but does no damage.
You smack the adder!
You kill the adder!
Your Spellcasting skill increases to level 5!
You have reached level 3!
Your experience leads to an increase in your attributes!
Increase (S)trength, (I)ntelligence, or (D)exterity?
Uppercase letters only, please.
You feel clever.
You feel sick.
The hobgoblin hits you but does no damage.
The giant cockroach bites you.
* * * LOW HITPOINT WARNING * * *
The worker ant bites you but does no damage.
It was a potion of cancellation.
Your magical effects are unravelling.
You feel magically purged.
You feel slightly less contaminated with magical energies.
You feel less wooden.
Your +2 cloak of invisibility unmelds from your body.
Your +0 robe unmelds from your body.
You become transparent for a moment.
The hobgoblin closely misses you. The giant cockroach misses you.
Your ball python bites the hobgoblin but does no damage.
Your ball python grabs the hobgoblin.
Your ball python constricts the hobgoblin.
The worker ant bites you.
* * * LOW HITPOINT WARNING * * *
It was a potion of curing.
You feel better. The giant cockroach misses you.
Your ball python bites the hobgoblin.
Your ball python constricts the hobgoblin.
The hobgoblin barely misses you. The worker ant closely misses you.
You barely miss the hobgoblin.
You kill the hobgoblin!
The giant cockroach misses you. The worker ant bites you.
* * * LOW HITPOINT WARNING * * *
You are lethally poisoned!
The worker ant poisons you!
You hit the worker ant.
The worker ant is heavily wounded.
* * * LOW HITPOINT WARNING * * *
You feel sick.
The giant cockroach bites you but does no damage.
The worker ant bites you.
* * * LOW HITPOINT WARNING * * *
Your ball python misses the worker ant.
Your ball python barely misses the worker ant.
You punch the worker ant!
You kill the worker ant!
Your Short Blades skill increases to level 1!
Your Long Blades skill increases to level 1!
Your Axes skill increases to level 1!
Your Maces & Flails skill increases to level 1!
Your Polearms skill increases to level 1!
Your Staves skill increases to level 1!
Your Slings skill increases to level 1!
Your Bows skill increases to level 1!
Your Crossbows skill increases to level 1!
Your Throwing skill increases to level 1!
Your Armour skill increases to level 1!
Your Stealth skill increases to level 1!
Your Shields skill increases to level 1!
Your Invocations skill increases to level 1!
Your Evocations skill increases to level 1!
* * * LOW HITPOINT WARNING * * *
You feel sick. The giant cockroach closely misses you.
You closely miss the giant cockroach. The giant cockroach closely misses you.
Your ball python misses the giant cockroach.
Your ball python barely misses the giant cockroach.
The giant cockroach closely misses you.
You hit the giant cockroach.
You kill the giant cockroach!
* * * LOW HITPOINT WARNING * * *
You feel sick.
It was a potion of haste.
You feel yourself speed up.
* * * LOW HITPOINT WARNING * * *
You feel sick.
Wield which item (- for none, * to show all)? (? for menu, Esc to quit)
Okay, then.
Are you sure you want to abandon this character and quit the game? (Confirm with "yes".)

#..## #.# #...#
#....##.# #..#
###.....###..######.
..............#.$....
.....................
####.................
#.................
.........(.........
............@S......
............†.......
#8####..............
##..$..........
##..(..#.....#
#############


You could see a friendly ball python.

Vanquished Creatures
  A worker ant (D:3)
  An adder (D:3)
  A dart slug (D:2)
  A leopard gecko (D:2)
  4 giant cockroaches
  3 goblins
  4 hobgoblins
  2 bats
  A frilled lizard (D:2)
  A kobold (D:1)
  2 rats (D:1)
21 creatures vanquished.

Notes
Turn   | Place    | Note
-------+----------+-------------------------------------------
     0 | D:1      | tidbits the Gnoll Transmuter began the quest for the Orb.
     0 | D:1      | Reached XP level 1. HP: 17/17 MP: 6/6
   140 | D:1      | Reached XP level 2. HP: 16/23 MP: 5/7
   147 | D:1      | Learned a level 2 spell: Sticks to Snakes
   281 | D:2      | Found an ornate altar of the Wu Jian Council.
   340 | D:3      | Reached skill level 5 in Spellcasting
   340 | D:3      | Reached XP level 3. HP: 12/28 MP: 4/9
   345 | D:3      | Reached skill level 1 in Short Blades
   345 | D:3      | Reached skill level 1 in Long Blades
   345 | D:3      | Reached skill level 1 in Axes
   345 | D:3      | Reached skill level 1 in Maces & Flails
   345 | D:3      | Reached skill level 1 in Polearms
   345 | D:3      | Reached skill level 1 in Staves
   345 | D:3      | Reached skill level 1 in Slings
   345 | D:3      | Reached skill level 1 in Bows
   345 | D:3      | Reached skill level 1 in Crossbows
   345 | D:3      | Reached skill level 1 in Throwing
   345 | D:3      | Reached skill level 1 in Armour
   345 | D:3      | Reached skill level 1 in Stealth
   345 | D:3      | Reached skill level 1 in Shields
   345 | D:3      | Reached skill level 1 in Invocations
   345 | D:3      | Reached skill level 1 in Evocations
   349 | D:3      | Quit the game

Vault maps used:
D:1:      sevenhm_arrival_forest_fort_small_6
D:2:      lemuel_round_altar, kennysheep_generic_room_14
D:3:      chequers_ecumenical_altar_simple, serial_corexii_hall,
          corexii_hall_statues_i, corexii_hall_statues_i, minmay_parallelograms

Skill      XL: |  1  2  3 |
---------------+----------+-----
Spellcasting   | 5 |  5.0
Short Blades   | 1 |  1.0
Long Blades    | 1 |  1.0
Axes           | 1 |  1.0
Maces & Flails | 1 |  1.0
Polearms       | 1 |  1.0
Staves         | 1 |  1.0
Slings         | 1 |  1.0
Bows           | 1 |  1.0
Crossbows      | 1 |  1.0
Throwing       | 1 |  1.0
Armour         | 1 |  1.0
Stealth        | 1 |  1.0
Shields        | 1 |  1.0
Invocations    | 1 |  1.0
Evocations     | 1 |  1.0
Fighting       | |  2.6
Dodging        | |  4.6
Unarmed Combat | |  6.5
Conjurations   | |  0.7
Hexes          | |  0.7
Charms         | |  0.7
Summonings     | |  0.7
Necromancy     | |  0.7
Translocations | |  0.7
Transmutations | |  3.8
Fire Magic     | |  0.7
Ice Magic      | |  0.7
Air Magic      | |  0.7
Earth Magic    | |  0.7
Poison Magic   | |  0.7

Action                   || total
-------------------------++-------
Melee: Unarmed           ||    44
       Headbutt          ||     3
       Kick              ||     6
       Bite              ||     3
       Dagger            ||    12
       Punch             ||     1
 Cast: Beastly Appendage ||    10
       Sticks to Snakes  ||     1
 Abil: Evoke Invisibilit ||     1
  Use: Scroll            ||     5
       Potion            ||     4
 Stab: Invisible         ||     2
  Eat: Ration            ||     2
Armor: Robe              ||    10
       Skin              ||    35
Dodge: Dodged            ||    55

Table legend:
 A = Spawn XP
 B = Non-spawn XP
 C = Spawn XP percentage of total XP
 D = Spawn monster count
 E = Non-spawn monster count
 F = Spawn count percentage of total count
 G = Total turns spent on level
                    A         B        C        D         E        F      G
               +---------+---------+-------+---------+---------+-------+---------
         Total |       0 |      81 |   0.0 |       0 |      21 |   0.0 |   349
               +---------+---------+-------+---------+---------+-------+---------
           D:1 |       0 |      18 |   0.0 |       0 |      11 |   0.0 |   218
           D:2 |       0 |       9 |   0.0 |       0 |       4 |   0.0 |    53
           D:3 |       0 |      54 |   0.0 |       0 |       6 |   0.0 |    78
               +---------+---------+-------+---------+---------+-------+---------

Table legend:
 A = Turns spent in this place as a percentage of turns spent in the entire game.
 B = Non-inter-level travel turns spent in this place as a percentage of non-inter-level travel turns spent in the entire game.
 C = Inter-level travel turns spent in this place as a percentage of turns spent in this place.
 D = Turns resting spent in this place as a percentage of non-inter-level travel turns spent in this place.
 E = Turns spent auto-exploring this place as a percentage of non-inter-level travel turns spent in this place.
 F = Non-inter-level travel turns spent in this place divided by the number of levels of this place that you've seen.
                   A       B       C       D       E      F
               +-------+-------+-------+-------+-------+----------------------
         Total | 100.0 | 100.0 |   0.0 |   0.0 |   0.0 | 116.3
       Dungeon | 100.0 | 100.0 |   0.0 |   0.0 |   0.0 | 116.3
               +-------+-------+-------+-------+-------+----------------------

Table legend:
 A = Kills in this place as a percentage of kills in entire the game.
 B = Kills by you in this place as a percentage of kills by you in the entire game.
 C = Kills by friends in this place as a percentage of kills by friends in the entire game.
 D = Other kills in this place as a percentage of other kills in the entire game.
 E = Experience gained in this place as a percentage of experience gained in the entire game.
 F = Experience gained in this place divided by the number of levels of this place that you have seen.
                   A       B       C       D       E      F
               +-------+-------+-------+-------+-------+----------------------
         Total | 100.0 | 100.0 |   N/A |   N/A | 100.0 |  27.0
       Dungeon | 100.0 | 100.0 |   N/A |   N/A | 100.0 |  27.0
               +-------+-------+-------+-------+-------+----------------------

Vault maps used:
D:1:      sevenhm_arrival_forest_fort_small_6
D:2:      lemuel_round_altar, kennysheep_generic_room_14
D:3:      chequers_ecumenical_altar_simple, serial_corexii_hall,
          corexii_hall_statues_i, corexii_hall_statues_i, minmay_parallelograms
